TOP OF THE 1ST |
Bishop Amat HS batting - Pitching for Dublin Jerome HS Celtics : RHP Cory Moore
|
Pitching: RHP Cory Moore
|
|
Batting: RHB Ralph Petit
|
0-0: Ball 1-0: Called Strike 1-1: Ball 2-1: Foul Ball, location: 2F 2-2: Fly out, F4 (Flyball, 4D)
|
Batting: RHB Louis García
|
0-0: Ball 1-0: Called Strike 1-1: SINGLE (Popup, 4D)
|
Batting: RHB Geoffrey Bishop
|
0-0: Called Strike Louis García is caught stealing 2nd base 0-1: Called Strike 0-2: Strikes out swinging
|
Top of the 1st over - 0 run(s), 1 hit(s), 0 error(s), 0 left on base; Bishop Amat HS 0 - Dublin Jerome HS 0 |
BOTTOM OF THE 1ST |
Dublin Jerome HS Celtics batting - Pitching for Bishop Amat HS : RHP Joe Reed
|
Pitching: RHP Joe Reed
|
|
Batting: RHB Michael Irvin
|
0-0: SINGLE (Flyball, 8RS)
|
Batting: LHB Spencer Copeland
|
0-0: Grounds into double play, 4-6-3 (Groundball, 4)
|
Batting: RHB Bill Becker
|
0-0: Ball 1-0: Ball 2-0: Ball 3-0: Called Strike 3-1: Swinging Strike 3-2: Strikes out swinging
|
Bottom of the 1st over - 0 run(s), 1 hit(s), 0 error(s), 0 left on base; Bishop Amat HS 0 - Dublin Jerome HS 0 |
TOP OF THE 2ND |
Bishop Amat HS batting - Pitching for Dublin Jerome HS Celtics : RHP Cory Moore
|
Batting: RHB Mike Best
|
0-0: Ball 1-0: Ball 2-0: Foul Ball, location: 2F 2-1: Ground out 5-3 (Groundball, 56)
|
Batting: RHB Bill Bailey
|
0-0: Foul Ball, location: 2F 0-1: Swinging Strike 0-2: Ball 1-2: Foul Ball, location: 2F 1-2: SINGLE (Flyball, 4D)
|
Batting: RHB Steve Bañuelos
|
0-0: Ball 1-0: Grounds into double play, 1-6-3 (Groundball, P)
|
Top of the 2nd over - 0 run(s), 1 hit(s), 0 error(s), 0 left on base; Bishop Amat HS 0 - Dublin Jerome HS 0 |
BOTTOM OF THE 2ND |
Dublin Jerome HS Celtics batting - Pitching for Bishop Amat HS : RHP Joe Reed
|
Batting: LHB David O'Neal
|
0-0: Fly out, F9 (Line Drive, 9)
|
Batting: RHB Ben Griffin
|
0-0: Ball 1-0: Ball 2-0: SINGLE (Groundball, 56S) (infield hit)
|
Batting: RHB Pedro Polanco
|
0-0: Called Strike Ben Griffin steals 2nd base 0-1: Foul Ball, location: 2F 0-2: SINGLE (Flyball, 8LS) Ben Griffin to third
|
Batting: RHB Garrett Hinton
|
0-0: Ball 1-0: Ball 2-0: Ball 3-0: SINGLE (Groundball, 6D) Ben Griffin scores Pedro Polanco to second
|
Batting: LHB Fred Anderson
|
0-0: SINGLE (Groundball, 34D) Pedro Polanco to third Garrett Hinton to second Runner from 3rd tries for Home, SAFE, no throw
|
Batting: SHB Richard Wynn
|
0-0: Ball 1-0: Swinging Strike 1-1: Swinging Strike 1-2: Ball 2-2: Strikes out swinging
|
Batting: RHB Michael Irvin
|
0-0: Swinging Strike 0-1: Ball 1-1: Swinging Strike 1-2: Strikes out swinging
|
Bottom of the 2nd over - 2 run(s), 4 hit(s), 0 error(s), 2 left on base; Bishop Amat HS 0 - Dublin Jerome HS 2 |
TOP OF THE 3RD |
Bishop Amat HS batting - Pitching for Dublin Jerome HS Celtics : RHP Cory Moore
|
Batting: LHB Ralph King
|
0-0: Foul Ball, location: 2F 0-1: Swinging Strike 0-2: Ground out 6-3 (Groundball, 6)
|
Batting: RHB Manuel Díaz
|
0-0: Ball 1-0: Ball 2-0: Ball 3-0: Reached on error, E6 (Groundball, 6)
|
Batting: RHB Andrew Miller
|
0-0: Called Strike 0-1: Ball 1-1: Ground out 6-3 (Groundball, 6)
|
Batting: RHB Ralph Petit
|
0-0: Called Strike 0-1: Called Strike 0-2: Fly out, F9 (Flyball, 89S)
|
Top of the 3rd over - 0 run(s), 0 hit(s), 1 error(s), 1 left on base; Bishop Amat HS 0 - Dublin Jerome HS 2 |
BOTTOM OF THE 3RD |
Dublin Jerome HS Celtics batting - Pitching for Bishop Amat HS : RHP Joe Reed
|
Batting: LHB Spencer Copeland
|
0-0: Called Strike 0-1: Called Strike 0-2: Ball 1-2: Ball 2-2: Ball 3-2: Ground out 5-3 (Groundball, 56)
|
Batting: RHB Bill Becker
|
0-0: Ball 1-0: Foul Ball, location: 2F 1-1: Foul Ball, location: 2F 1-2: Ball 2-2: Ball 3-2: Base on Balls
|
Batting: LHB David O'Neal
|
0-0: Ball Bill Becker is caught stealing 2nd base 1-0: Called Strike 1-1: Ball 2-1: Ground out 3-1 (Groundball, 34S)
|
Bottom of the 3rd over - 0 run(s), 0 hit(s), 0 error(s), 0 left on base; Bishop Amat HS 0 - Dublin Jerome HS 2 |
TOP OF THE 4TH |
Bishop Amat HS batting - Pitching for Dublin Jerome HS Celtics : RHP Cory Moore
|
Batting: RHB Louis García
|
0-0: Called Strike 0-1: Ground out 4-3 (Groundball, 4M)
|
Batting: RHB Geoffrey Bishop
|
0-0: Ball 1-0: SOLO HOME RUN (Line Drive, 7D), Distance : 376 ft
|
Batting: RHB Mike Best
|
0-0: Ball 1-0: Called Strike 1-1: Foul Ball, location: 2F 1-2: Fly out, F7 (Flyball, 7LM)
|
Batting: RHB Bill Bailey
|
0-0: Called Strike 0-1: Ball 1-1: Foul Ball, location: 2F 1-2: Strikes out swinging
|
Top of the 4th over - 1 run(s), 1 hit(s), 0 error(s), 0 left on base; Bishop Amat HS 1 - Dublin Jerome HS 2 |
BOTTOM OF THE 4TH |
Dublin Jerome HS Celtics batting - Pitching for Bishop Amat HS : RHP Joe Reed
|
Batting: RHB Ben Griffin
|
0-0: Fly out, F9 (Line Drive, 9LM)
|
Batting: RHB Pedro Polanco
|
0-0: Ball 1-0: Called Strike 1-1: Called Strike 1-2: Ball 2-2: Ball 3-2: Ground out 4-3 (Groundball, 4M)
|
Batting: RHB Garrett Hinton
|
0-0: Ball 1-0: Foul Ball, location: 2F 1-1: Foul Ball, location: 2F 1-2: Ball 2-2: Foul Ball, location: 2F 2-2: SINGLE (Groundball, 5D)
|
Batting: LHB Fred Anderson
|
0-0: Called Strike 0-1: Called Strike 0-2: Strikes out swinging
|
Bottom of the 4th over - 0 run(s), 1 hit(s), 0 error(s), 1 left on base; Bishop Amat HS 1 - Dublin Jerome HS 2 |
TOP OF THE 5TH |
Bishop Amat HS batting - Pitching for Dublin Jerome HS Celtics : RHP Cory Moore
|
Batting: RHB Steve Bañuelos
|
0-0: Foul Ball, location: 2F 0-1: Ball 1-1: Ball 2-1: Ball 3-1: Base on Balls
|
Batting: LHB Ralph King
|
0-0: Ball 1-0: Ball 2-0: Called Strike 2-1: Called Strike 2-2: Ball 3-2: Strikes out swinging
|
Batting: RHB Manuel Díaz
|
0-0: Ball 1-0: Ball 2-0: Ground out 5-3 (Groundball, 5) Steve Bañuelos to second
|
Batting: RHB Andrew Miller
|
0-0: Called Strike 0-1: Ball 1-1: Reached on error, E6 (Groundball, 56) Steve Bañuelos to third
|
Batting: RHB Ralph Petit
|
0-0: Ball 1-0: Ball 2-0: Fly out, F8 (Flyball, 8RM)
|
Top of the 5th over - 0 run(s), 0 hit(s), 1 error(s), 2 left on base; Bishop Amat HS 1 - Dublin Jerome HS 2 |
BOTTOM OF THE 5TH |
Dublin Jerome HS Celtics batting - Pitching for Bishop Amat HS : RHP Joe Reed
|
Batting: SHB Richard Wynn
|
0-0: Ball 1-0: Ground out 6-3 (Groundball, 6)
|
Batting: RHB Michael Irvin
|
0-0: Ball 1-0: SINGLE (Groundball, 4D)
|
Batting: LHB Spencer Copeland
|
0-0: Called Strike 0-1: Ball 1-1: Ball 2-1: Ball 3-1: Fly out, F7 (Flyball, 7LMF)
|
Batting: RHB Bill Becker
|
0-0: Ball 1-0: Ball 2-0: SINGLE (Flyball, 8RS) Michael Irvin to second
|
Batting: LHB David O'Neal
|
0-0: Called Strike 0-1: Ball 1-1: Foul Ball, location: 2F 1-2: Foul Ball, location: 2F 1-2: Ball 2-2: Ball 3-2: Foul Ball, location: 2F 3-2: Foul Ball, location: 2F 3-2: Ground out 4-3 (Groundball, 4)
|
Bottom of the 5th over - 0 run(s), 2 hit(s), 0 error(s), 2 left on base; Bishop Amat HS 1 - Dublin Jerome HS 2 |
TOP OF THE 6TH |
Bishop Amat HS batting - Pitching for Dublin Jerome HS Celtics : RHP Cory Moore
|
Batting: RHB Louis García
|
0-0: Ball 1-0: Fly out, F7 (Flyball, 7)
|
Batting: RHB Geoffrey Bishop
|
0-0: Ball 1-0: Called Strike 1-1: Reached on error, E4 (Groundball, 4S)
|
Batting: RHB Mike Best
|
0-0: Called Strike 0-1: Called Strike Geoffrey Bishop steals 3rd base 0-2: Strikes out looking
|
Batting: RHB Bill Bailey
|
0-0: Foul Ball, location: 2F 0-1: Ball 1-1: Ball 2-1: Called Strike 2-2: Ball 3-2: Base on Balls
|
Pitching: LHP Jason Reed
|
|
Batting: RHB Steve Bañuelos
|
0-0: Swinging Strike 0-1: Foul Ball, location: 2F 0-2: Ball 1-2: Ball 2-2: SINGLE (Line Drive, 56D) Geoffrey Bishop scores Bill Bailey to second
|
Batting: LHB Ralph King
|
0-0: Called Strike 0-1: Ball 1-1: Foul Ball, location: 2F 1-2: Strikes out swinging
|
Top of the 6th over - 1 run(s), 1 hit(s), 1 error(s), 2 left on base; Bishop Amat HS 2 - Dublin Jerome HS 2 |
BOTTOM OF THE 6TH |
Dublin Jerome HS Celtics batting - Pitching for Bishop Amat HS : RHP Joe Reed
|
Pitching: RHP William Roy
|
|
Batting: RHB Ben Griffin
|
0-0: Ball 1-0: Ball 2-0: Ball 3-0: Called Strike 3-1: SINGLE (Line Drive, 4M)
|
Batting: RHB Pedro Polanco
|
0-0: SINGLE (Groundball, 34) (infield hit) Ben Griffin to second
|
Batting: RHB Garrett Hinton
|
0-0: Ball 1-0: Foul Ball, location: 2F 1-1: Ground out 6-3 (Groundball, 6S) Ben Griffin to third Pedro Polanco to second
|
Batting: LHB Fred Anderson
|
0-0: SINGLE (Groundball, 56D) Ben Griffin scores Pedro Polanco to third
|
Batting: SHB Richard Wynn
|
0-0: Called Strike 0-1: Ball 1-1: Fielders Choice at 2nd, 4-6 (Groundball, 4) Pedro Polanco scores
|
Pitching: LHP Bob Davis
|
|
Batting: RHB Michael Irvin
|
0-0: Called Strike 0-1: Called Strike 0-2: Ball 1-2: Fly out, F9 (Flyball, 89M)
|
Bottom of the 6th over - 2 run(s), 3 hit(s), 0 error(s), 1 left on base; Bishop Amat HS 2 - Dublin Jerome HS 4 |
TOP OF THE 7TH |
Bishop Amat HS batting - Pitching for Dublin Jerome HS Celtics : LHP Jason Reed
|
Batting: RHB Manuel Díaz
|
0-0: Called Strike 0-1: Ground out 4-3 (Groundball, 4)
|
Batting: RHB Andrew Miller
|
0-0: Foul Ball, location: 2F 0-1: Ball 1-1: Ball 2-1: Ball 3-1: Foul Ball, location: 2F 3-2: Base on Balls
|
Batting: RHB Ralph Petit
|
0-0: Fly out, F6 (Line Drive, 6)
|
Batting: RHB Louis García
|
0-0: Foul Ball, location: 2F 0-1: Ball 1-1: Ball 2-1: Ball 3-1: Called Strike 3-2: Fly out, F9 (Flyball, 9S)
|
Top of the 7th over - 0 run(s), 0 hit(s), 0 error(s), 1 left on base; Bishop Amat HS 2 - Dublin Jerome HS 4 |
BOTTOM OF THE 7TH |
Dublin Jerome HS Celtics batting - Pitching for Bishop Amat HS : LHP Bob Davis
|
Batting: LHB Spencer Copeland
|
0-0: Foul Ball, location: 2F 0-1: Ball 1-1: Called Strike 1-2: Ball 2-2: Foul Ball, location: 2F 2-2: Fly out, F7 (Flyball, 78M)
|
Batting: RHB Bill Becker
|
0-0: Ball 1-0: Swinging Strike 1-1: Foul Ball, location: 2F 1-2: Ball 2-2: Foul Ball, location: 2F 2-2: SINGLE (Line Drive, 89M)
|
Batting: LHB David O'Neal
|
0-0: Called Strike Bill Becker is caught stealing 2nd base 0-1: Swinging Strike 0-2: Ball 1-2: Strikes out looking
|
Bottom of the 7th over - 0 run(s), 1 hit(s), 0 error(s), 0 left on base; Bishop Amat HS 2 - Dublin Jerome HS 4 |
TOP OF THE 8TH |
Bishop Amat HS batting - Pitching for Dublin Jerome HS Celtics : LHP Jason Reed
|
Batting: RHB Geoffrey Bishop
|
0-0: Called Strike 0-1: Ball 1-1: Called Strike 1-2: Foul Ball, location: 2F 1-2: Foul Ball, location: 2F 1-2: Foul Ball, location: 2F 1-2: Ball 2-2: Ball 3-2: Foul Ball, location: 2F 3-2: Foul Ball, location: 2F 3-2: Fly out, F9 (Flyball, 9)
|
Batting: RHB Mike Best
|
0-0: Called Strike 0-1: Foul Ball, location: 2F 0-2: Ball 1-2: Foul Ball, location: 2F 1-2: SINGLE (Groundball, 56D)
|
Pitching: RHP Bill Howard
|
|
Batting: RHB Bill Bailey
|
0-0: Called Strike 0-1: Ground out 5-3 (Groundball, 56S) Mike Best to second
|
Batting: RHB Steve Bañuelos
|
0-0: Ball 1-0: Called Strike 1-1: Ground out 5-3 (Groundball, 56)
|
Top of the 8th over - 0 run(s), 1 hit(s), 0 error(s), 1 left on base; Bishop Amat HS 2 - Dublin Jerome HS 4 |
BOTTOM OF THE 8TH |
Dublin Jerome HS Celtics batting - Pitching for Bishop Amat HS : LHP Bob Davis
|
Batting: RHB Ben Griffin
|
0-0: Foul Ball, location: 2F 0-1: Hit by Pitch
|
Batting: RHB Pedro Polanco
|
0-0: Called Strike 0-1: Bunted foul 0-2: Ball 1-2: Ground out 5-3 (Groundball, 56S) Ben Griffin to second
|
Batting: RHB Garrett Hinton
|
0-0: Ball 1-0: SINGLE (Groundball, 6S) (infield hit) Ben Griffin to third
|
Batting: LHB Fred Anderson
|
0-0: Ball 1-0: Called Strike 1-1: Ball 2-1: SINGLE (Line Drive, 78S) Ben Griffin scores Garrett Hinton to second
|
Batting: SHB Richard Wynn
|
0-0: Called Strike 0-1: Ball 1-1: Swinging Strike 1-2: Ball 2-2: Foul Ball, location: 2F 2-2: Ball 3-2: Base on Balls Garrett Hinton to third Fred Anderson to second
|
Batting: RHB Michael Irvin
|
0-0: Ball 1-0: Called Strike 1-1: Ball 2-1: Ball 3-1: Base on Balls Garrett Hinton scores Fred Anderson to third Richard Wynn to second
|
Pitching: LHP Ronnie Beason
|
|
Batting: LHB Spencer Copeland
|
0-0: Foul Ball, location: 2F 0-1: Ball 1-1: DOUBLE (Line Drive, 3D) Fred Anderson scores Richard Wynn scores Michael Irvin to third Runner from 3rd tries for Home, SAFE, no throw
|
Batting: RHB Bill Becker
|
0-0: Called Strike 0-1: DOUBLE (Flyball, 7) Spencer Copeland scores
|
Batting: LHB David O'Neal
|
0-0: Swinging Strike 0-1: Called Strike 0-2: Strikes out swinging
|
Batting: RHB Ben Griffin
|
0-0: Called Strike 0-1: Foul Ball, location: 2F 0-2: Ball 1-2: Foul Ball, location: 2F 1-2: Ball 2-2: Ball 3-2: SINGLE (Line Drive, 89M) Bill Becker to third Bill Becker scores
|
Batting: RHB Pedro Polanco
|
0-0: Ball 1-0: DOUBLE (Flyball, 8LXD) Ben Griffin to third
|
Batting: RHB Garrett Hinton
|
0-0: Foul Ball, location: 2F 0-1: Foul Ball, location: 2F 0-2: Strikes out swinging
|
Bottom of the 8th over - 7 run(s), 6 hit(s), 0 error(s), 2 left on base; Bishop Amat HS 2 - Dublin Jerome HS 11 |
TOP OF THE 9TH |
Bishop Amat HS batting - Pitching for Dublin Jerome HS Celtics : RHP Bill Howard
|
Now at 1B: Brian Jackson
|
|
Batting: LHB Ralph King
|
0-0: Ball 1-0: SINGLE (Line Drive, 34D)
|
Batting: RHB Manuel Díaz
|
0-0: Swinging Strike 0-1: Swinging Strike 0-2: Foul Ball, location: 2F 0-2: Strikes out swinging
|
Batting: RHB Andrew Miller
|
0-0: Ball Wild Pitch! Ralph King to second 1-0: Ball 2-0: Ball 3-0: Called Strike 3-1: Called Strike 3-2: Base on Balls
|
Batting: RHB Ralph Petit
|
0-0: Called Strike 0-1: Foul Ball, location: 2F 0-2: Ball 1-2: Ball 2-2: Ball 3-2: Base on Balls Ralph King to third Andrew Miller to second
|
Batting: RHB Louis García
|
0-0: Called Strike 0-1: Ball 1-1: Grounds into double play, 6-4-3 (Groundball, 6)
|
Top of the 9th over - 0 run(s), 1 hit(s), 0 error(s), 2 left on base; Bishop Amat HS 2 - Dublin Jerome HS 11 |
|